Map: Ruins of Seras

Players

易水丶秋寒

  • Race: Zerg Zerg
  • League: Grandmaster

wabbajack - Winner!

  • Race: Zerg Zerg
  • League: Gold

VOD

Have the link to the VOD?

Description

Time

  • Played on: July 21, 2015, 9:22 p.m.
  • Length: 11:13
Show
View Real Time Build Order
Export as new Build Order

易水丶秋寒 Zerg 

Build Orders: Hatch First 

Get SALT Encoding   

  12  0:01  Drone  
  13  0:09  Drone  
  14  0:17  Overlord  
  14  0:36  Drone  
  14  0:37  Drone x2  
  17  0:52  Drone  
  18  1:04  Hatchery  
  17  1:13  Drone  
  17  1:17  Spawning Pool  
  17  1:21  Drone  
  17  1:22  Extractor  
  17  1:24  Drone  
  18  1:32  Drone  
  19  1:42  Overlord  
  19  2:06  Queen  
  21  2:08  Hatchery  
  20  2:19  Zergling x2  
  20  2:21  Drone x2  
  23  2:26  Queen  
  25  2:35  Metabolic Boost  
  25  2:53  Drone x6  
  31  3:15  Queen  
  31  3:16  Overlord  
  32  3:49  Overlord  
  32  3:50  Drone  
  32  3:51  Drone x2  
  32  3:54  Drone  
  36  3:56  Drone  
  36  3:57  Drone x11  
  48  4:18  Extractor  
  48  4:20  Lair  
  47  4:24  Roach Warren  
  46  4:32  Extractor x2  
  46  4:36  Spine Crawler, Queen  
  46  4:38  Spine Crawler  
  44  4:48  Spine Crawler  
  44  4:51  Spine Crawler  
  42  4:53  Overlord x2  
  42  5:26  Roach x7  
  42  5:27  Roach x2  
  60  5:40  Roach  
  55  6:02  Roach  
  55  6:03  Roach  
  39  6:15  Spire  
  22  6:42  Drone  
  22  6:43  Drone x4  
  21  6:55  Drone  
  21  6:56  Drone x15  
  37  7:16  Drone x5  
  37  7:18  Drone  
  37  7:19  Drone  
  44  7:38  Extractor  
  43  8:03  Zergling x8  
  43  8:04  Zergling x4  
  49  8:26  Extractor  
  48  8:27  Extractor  
  48  8:28  Drone  
  48  8:29  Drone x6  
  48  8:30  Overlord x3  
  54  8:49  Drone  
  54  8:50  Mutalisk  
  54  8:51  Mutalisk x5  
  54  8:52  Mutalisk  
  69  8:56  Drone x7  
  77  9:24  Drone x6  
  77  9:25  Drone x2  
  77  9:30  Mutalisk x3  
  90  9:36  Overlord x3  
  90  9:43  Spine Crawler  
  86  10:14  Roach x8  
  88  10:15  Roach x3  
  88  10:16  Overlord x3  
Show
View Real Time Build Order
Export as new Build Order

wabbajack Zerg - Winner!

Build Orders: Hatch First 

Get SALT Encoding   

  12  0:01  Drone  
  13  0:13  Overlord  
  13  0:17  Drone  
  14  0:25  Extractor  
  14  0:26  Drone  
  15  0:32  Drone  
  16  0:36  Drone  
  17  0:46  Extractor  
  16  0:57  Hatchery  
  16  1:01  Drone  
  16  1:03  Drone  
  17  1:20  Spawning Pool  
  17  1:23  Drone  
  17  1:27  Drone  
  17  1:30  Drone  
  19  1:56  Overlord  
  19  2:02  Drone x2  
  21  2:08  Queen  
  21  2:09  Queen  
  21  2:12  Drone  
  21  2:13  Drone  
  27  2:25  Roach Warren  
  27  2:29  Drone x2  
  28  2:33  Zergling x2  
  29  2:39  Overlord  
  29  3:14  Overlord x2  
  29  3:17  Roach  
  29  3:18  Roach x3  
  37  3:28  Roach x3  
  37  3:30  Drone  
  43  3:59  Roach  
  43  4:00  Roach x7  
  59  4:03  Overlord x2  
  59  4:13  Spine Crawler  
  59  4:14  Drone  
  59  4:15  Spine Crawler  
  59  4:16  Drone  
  59  4:20  Spine Crawler  
  58  4:36  Zergling x14  
  65  4:43  Lair  
  65  4:48  Drone x2  
  67  5:12  Metabolic Boost  
  67  5:16  Zergling x2  
  67  5:17  Zergling x14  
  75  5:25  Overlord  
  75  5:28  Overlord  
  66  6:00  Hydralisk Den  
  66  6:02  Evolution Chamber, Drone  
  66  6:03  Drone x4, Extractor  
  65  6:04  Drone x2  
  65  6:05  Zergling x2  
  65  6:06  Zergling x12  
  45  6:45  Lurker Den  
  39  6:50  Zergling x2  
  39  6:51  Zergling x18  
  44  7:01  Zerg Missile Weapons Level 1  
  44  7:13  Drone  
  44  7:14  Drone x3  
  48  7:18  Hatchery  
  47  7:28  Drone x5  
  52  7:37  Hydralisk x5  
  52  7:44  Extractor  
  61  7:48  Extractor  
  60  8:09  Drone x3  
  60  8:10  Drone x3  
  66  8:16  Lurker x2  
  66  8:19  Drone  
  69  8:20  Drone x6  
  75  8:29  Queen  
  75  8:32  Overlord  
  77  8:34  Glial Reconstitution  
  77  8:42  Overlord  
  77  8:56  Drone x4  
  77  8:57  Drone  
  82  9:14  Muscular Augments  
  82  9:21  Evolution Chamber, Roach  
  82  9:22  Roach x11  
  82  9:23  Overlord x2  
  82  9:24  Overlord  
  105  9:27  Extractor  
  105  9:30  Extractor  
  102  9:39  Lurker  
  101  9:46  Hydralisk  
  101  9:47  Hydralisk x2  
  101  9:52  Spore Crawler  
  99  9:53  Spore Crawler  
  99  9:55  Spore Crawler  
  99  9:57  Spore Crawler  
  99  9:59  Burrow, Spore Crawler  
  93  10:04  Spore Crawler  
  90  10:13  Hydralisk  
  90  10:14  Hydralisk x3  
Tags
 
Add a new tag
Caveats
  • Supply blocks, unpowered buildings, or Contaminate may cause inaccurate times.
  • Supply counts are checked every 10 seconds.